 Dungeon Crawl Stone Soup version 0.21.0 (webtiles) character file.

250 Hausser the Chopper (level 5, -1/44 HPs)
             Began as a Minotaur Gladiator on June 4, 2018.
             Slain by Bigdawg's ghost (4 damage)
             ... on level 3 of the Dungeon.
             The game lasted 00:09:29 (3160 turns).

Hausser the Chopper (Minotaur Gladiator)            Turns: 3160, Time: 00:09:30

Health: -1/44      AC: 10    Str: 20    XL:     5   Next: 88%
Magic:  4/4        EV:  9    Int:  5    God:
Gold:   189        SH:  0    Dex: 11    Spells: 4/4 levels left

rFire    . . .     SeeInvis .   n - +4 quarterstaff (chaos)
rCold    . . .     Gourm    .   (shield currently unavailable)
rNeg     + . .     Faith    .   h - +0 chain mail
rPois    .         Spirit   .   c - +0 hat
rElec    .         Reflect  .   t - +0 cloak (curse)
rCorr    .         Harm     +   (no gloves)
MR       .....                  (no boots)
Stlth    ..........             m - amulet of harm
HPRegen  0.14/turn              q - ring of positive energy
MPRegen  0.09/turn              (no ring)

@: no status effects
A: retaliatory headbutt, horns 2
a: no special abilities


You were on level 3 of the Dungeon.
You were not hungry.

You visited 1 branch of the dungeon, and saw 3 of its levels.

You collected 189 gold pieces.

Inventory:

Hand Weapons
 a - a +0 war axe
 n - a +4 quarterstaff of chaos (weapon)
Missiles
 r - a throwing net
 u - 5 poisoned tomahawks (quivered)
Armour
 c - a +0 hat (worn)
 h - a +0 chain mail (worn)
 t - a cursed +0 cloak (worn)
Jewellery
 m - an amulet of harm (around neck)
 q - a ring of positive energy (left hand)
Wands
 d - a wand of polymorph (11)
 g - a wand of flame (29)
Scrolls
 i - 2 scrolls of amnesia {unknown}
 j - 4 scrolls of teleportation {unknown}
 l - 2 scrolls of remove curse {unknown}
 o - 2 scrolls of immolation {unknown}
 s - a scroll of random uselessness {unknown}
Potions
 b - a potion of agility {unknown}
 e - 2 potions of curing {unknown}
 k - a potion of brilliance {unknown}
 p - a potion of degeneration {unknown}
 v - a potion of cancellation {unknown}
 w - a potion of heal wounds {unknown}
 x - a potion of might {unknown}
 z - a potion of haste {unknown}
Comestibles
 f - 7 rations


   Skills:
 + Level 2.9 Fighting
 - Level 4.9 Axes
 * Level 0.8 Staves
 * Level 2.8 Throwing
 * Level 3.4 Armour
 * Level 4.8 Dodging


You had 4 spell levels left.
You didn't know any spells.

Dungeon Overview and Level Annotations

Branches:
Dungeon (3/15)

Altars:

Annotations:
D:3 Bigdawg's ghost, amateur MiFi


Innate Abilities, Weirdness & Mutations

You reflexively headbutt those who attack you in melee.
You have a pair of horns on your head.


Message History

There is a stone staircase leading up here.
You hit Bigdawg's ghost.
Bigdawg's ghost flickers and vanishes!
Deactivating autopickup; reactivate with Ctrl-A.
Something hits you.
You miss something. You headbutt something! Something hits you.
You hit something.
Nothing appears to happen.
Something hits you! Something hits you but does no damage.
You hit something but do no damage. You headbutt something. Something hits you!
Something hits you.
* * * LOW HITPOINT WARNING * * *
Your chain mail prevents you from hitting something.
Something hits you but does no damage. Something hits you.
* * * LOW HITPOINT WARNING * * *
You hit something but do no damage.
Nothing appears to happen.
Something hits you!
* * * LOW HITPOINT WARNING * * *
You sock something! You burn something. Your headbutt misses something.
Something hits you but does no damage.
You hit something but do no damage. Something hits you.
You die...

#...........# #[# #.#
#.#####.##### #.# #.# #.#
#.# #.# #.. #.# #.# #.# ##.
#.# #.# #.# #. #.# #.# #.#
#####. #.# ##.#######.#
#..... #.####..{.......#
#.###.
##........@###.#######.###.
#........#.# #........>....
#.#####....# #########.....
#.# #.#..# ###... #.#
#.#..# ##.# #.# #.#..# #.#
#.# #.#..######## #.# #.###
#.#.......... #.# #...#
#.##.#######. #.#


There were no monsters in sight!

Vanquished Creatures
  An orc priest (D:3)
  Crazy Yiuf (D:2)
  An orc wizard (D:3)
  Natasha (thrice) (D:2)
  An iguana (D:2)
  2 adders
  2 oozes (D:1)
  A worm (D:2)
  3 dart slugs
  3 leopard geckos
  2 orcs (D:3)
  A ball python (D:3)
  2 goblins (D:1)
  4 hobgoblins
  4 jackals (D:1)
  2 quokkas
  5 bats
  A frilled lizard (D:3)
  6 kobolds
  9 rats
54 creatures vanquished.

Notes
Turn   | Place    | Note
-------+----------+-------------------------------------------
     0 | D:1      | Hausser the Minotaur Gladiator began the quest for the Orb.
     0 | D:1      | Reached XP level 1. HP: 18/18 MP: 0/0
    86 | D:1      | Reached XP level 2. HP: 21/25 MP: 1/1
   659 | D:1      | Reached skill level 1 in Armour
   659 | D:1      | Reached XP level 3. HP: 29/30 MP: 2/2
  1222 | D:2      | Noticed Natasha
  1226 | D:2      | Killed Natasha
  1226 | D:2      | Reached XP level 4. HP: 30/37 MP: 3/3
  1434 | D:2      | Noticed Natasha
  1448 | D:2      | Killed Natasha
  1605 | D:2      | Noticed Natasha
  1612 | D:2      | Killed Natasha
  1612 | D:2      | Reached XP level 5. HP: 39/44 MP: 4/4
  1687 | D:2      | Found a runed door.
  1692 | D:2      | Noticed Crazy Yiuf
  1694 | D:2      | Paralysed by Crazy Yiuf for 2 turns
  1699 | D:2      | Killed Crazy Yiuf
  2965 | D:3      | Noticed Bigdawg's ghost (amateur MiFi)
  3160 | D:3      | Slain by Bigdawg's ghost

Skill      XL: |  1  2  3  4  5 |
---------------+----------------+-----
Dodging        | 4 |  4.8
Axes           | 4 |  4.9
Armour         | 1 2 3 |  3.4
Fighting       | |  2.9
Staves         | |  0.8
Throwing       | |  2.8

Action                   |  1- 3 |  4- 6 || total
-------------------------+-------+-------++-------
Melee: War axe           |    65 |    23 ||    88
       Headbutt          |    10 |    11 ||    21
       Quarterstaff      |       |    53 ||    53
Throw: Throwing net      |       |     4 ||     4
  Eat: Chunk             |     1 |     6 ||     7
Armor: Leather armour    |     6 |       ||     6
       Chain mail        |    27 |    42 ||    69
       Skin              |       |    10 ||    10
Dodge: Dodged            |    25 |    24 ||    49
